Map: Blackpink LE

Players

barthak

  • Race: Zerg Zerg
  • League: Gold
  • Spawn Location: 7:00

LUISDERAZ - Winner!

  • Race: Protoss Protoss
  • League: Gold
  • Spawn Location: 1:00

VOD

Have the link to the VOD?

Description

Time

  • Played on: Feb. 23, 2018, 5:52 p.m.
  • Length: 5:02
Show
View Real Time Build Order
Export as new Build Order

barthak Zerg 

Build Orders: Hatch First 

Get SALT Encoding   

  12  0:01  Drone  
  13  0:13  Overlord  
  13  0:18  Drone  
  14  0:31  Drone x2  
  16  0:36  Drone  
  17  0:46  Drone  
  18  0:58  Hatchery  
  18  1:01  Extractor  
  18  1:02  Drone  
  17  1:11  Drone  
  18  1:22  Spawning Pool  
  18  1:24  Drone  
  18  1:33  Drone  
  19  1:43  Overlord  
  19  1:53  Drone  
  20  2:09  Zergling x2  
  20  2:10  Queen x2  
  20  2:13  Zergling x2  
  20  2:14  Zergling x2  
  27  2:20  Metabolic Boost  
  27  2:25  Drone x2  
  29  2:50  Drone x4  
  33  2:55  Drone  
  33  2:56  Drone  
  35  3:04  Overlord  
  34  3:14  Zergling x2  
  34  3:18  Overlord  
  35  3:22  Queen x2  
  35  3:23  Zergling x2  
  35  3:25  Zergling x2  
  35  3:26  Zergling x4  
  43  3:35  Spine Crawler  
  42  3:44  Zergling x12  
  35  4:15  Spore Crawler  
  34  4:19  Spine Crawler x2  
  34  4:21  Spine Crawler  
  31  4:26  Zergling x6  
  31  4:27  Zergling x6  
  33  4:43  Zergling x2  
Show
View Real Time Build Order
Export as new Build Order

LUISDERAZ Protoss - Winner!

Build Orders:  

Get SALT Encoding   

  12  0:02  Probe (Chrono Boost)  
  13  0:12  Probe (Chrono Boost)  
  14  0:24  Pylon  
  14  0:25  Probe  
  15  0:42  Probe  
  16  0:43  Gateway  
  16  0:53  Gateway  
  16  1:04  Gateway  
  16  1:17  Gateway  
  16  1:27  Pylon  
  16  1:36  Zealot  
  18  1:41  Zealot  
  20  1:48  Pylon  
  20  1:52  Zealot  
  22  2:04  Zealot  
  22  2:08  Zealot  
  26  2:15  Zealot  
  28  2:23  Zealot  
  30  2:31  Zealot  
  30  2:32  Pylon  
  32  2:40  Pylon  
  32  2:41  Zealot  
  34  2:47  Zealot  
  36  2:52  Zealot  
  40  2:58  Zealot  
  40  3:08  Zealot  
  42  3:13  Pylon  
  42  3:18  Zealot  
  44  3:26  Zealot  
  46  3:31  Zealot  
  48  3:51  Cybernetics Core  
  48  3:54  Assimilator  
  48  3:56  Assimilator, Zealot  
  50  4:15  Probe (Chrono Boost)  
  52  4:25  Probe (Chrono Boost)  
  52  4:30  Probe (Chrono Boost)  
Tags
 
League
GoldGold
Matchup
PvZ
Spawn Locations
Cross Positions
Add a new tag
Caveats
  • Supply blocks, unpowered buildings, or Contaminate may cause inaccurate times.
  • Supply counts are checked every 10 seconds.